 Dungeon Crawl Stone Soup version 0.28-a0-199-g298df9dbad (webtiles) character file.

Game seed: 18079113819276707342

302 siradein the Cleaver (level 6, -3/51 HPs)
             Began as a Minotaur Berserker on Aug 20, 2021.
             Was a Believer of Trog.
             Splashed by a jelly's acid (5 damage)
             ... on level 4 of the Dungeon.
             The game lasted 00:04:51 (3188 turns).

siradein the Cleaver (Minotaur Berserker)           Turns: 3188, Time: 00:04:51

Health: -3/51      AC: -2    Str: 24    XL:     6   Next: 14%
Magic:  5/5        EV: 13    Int:  4    God:    Trog [**....]
Gold:   165        SH:  2    Dex:  9    Spells: 5/5 levels left

rFire   . . .      SeeInvis .   a - +0 hand axe
rCold   . . .      Faith    .   i - +0 buckler
rNeg    . . .      Spirit   .   o - +0 scale mail
rPois   .          Reflect  .   (helmet restricted)
rElec   .          Harm     .   (no cloak)
rCorr   .          Rampage  .   k - +2 pair of gloves
Will    .....                   (no boots)
Stlth   ..........              (no amulet)
HPRegen 0.17/turn               j - +4 ring of evasion
MPRegen 0.09/turn               (no ring)

@: corroded
A: horns 2, retaliatory headbutt
a: Renounce Religion, Berserk, Trog's Hand


You were on level 4 of the Dungeon.
You worshipped Trog.
Trog was pleased with you.
You visited 1 branch of the dungeon, and saw 4 of its levels.

You collected 165 gold pieces.

Inventory:

Hand Weapons
 a - a +0 hand axe (weapon)
Armour
 i - a +0 buckler (worn)
 k - a +2 pair of gloves (worn)
 o - a +0 scale mail (worn)
Jewellery
 g - a ring of fire
 j - a +4 ring of evasion (left hand)
Scrolls
 d - a scroll of noise {unknown}
 f - a scroll of fog {unknown}
 h - a scroll of immolation {unknown}
 l - a scroll of blinking {unknown}
 m - a scroll of identify {unknown}
 n - a scroll of teleportation {unknown}
Potions
 b - a potion of lignification {unknown}
 c - a potion of mutation {unknown}
 e - 3 potions of curing {unknown}


   Skills:
 - Level 3.6 Fighting
 + Level 8.4 Axes
 - Level 2.4 Armour
 - Level 2.1 Dodging


You had 5 spell levels left.
You didn't know any spells.
Your spell library was empty.

Dungeon Overview and Level Annotations

Branches:
Dungeon (4/15)
 Temple: D:4-7

Altars:
Ashenzari
Dithmenos

Shops:
D:1 (   D:2 [((:


Innate Abilities, Weirdness & Mutations

You have a pair of horns on your head.
You reflexively headbutt those who attack you in melee.


Message History

You barely miss the ball python. The ball python bites you.
The ball python grabs you. The ball python constricts you.
You barely miss the ball python. The ball python bites you.
The ball python constricts you.
You hit the ball python. You headbutt the ball python.
You kill the ball python!
Trog accepts your kill.
No target in view!
No target in view!
No target in view!
A jelly comes into view.
The jelly quivers.
A jelly is nearby!
A jelly is nearby!
A jelly is nearby!
A jelly is nearby!
The jelly barely misses you.
You slash the jelly! The acid corrodes you!
Your hands burn!
The jelly is heavily wounded.
The jelly misses you.
You hit the jelly.
Your hands burn!
The jelly is almost dead.
The jelly hits you. The acid corrodes you!
You are splashed with acid!
You hit the jelly but do no damage. The acid corrodes you!
Your hands burn!
The jelly is almost dead.
The jelly hits you.
You are splashed with acid!
* * * LOW HITPOINT WARNING * * *
You are too injured to fight recklessly!
You are too injured to fight recklessly!
You are too injured to fight recklessly!
You are too injured to fight recklessly!
You are too injured to fight recklessly!
Your scale mail prevents you from hitting the jelly.
The jelly is almost dead.
The jelly hits you.
* * * LOW HITPOINT WARNING * * *
You are splashed with acid!
* * * LOW HITPOINT WARNING * * *
You hit the jelly. The acid corrodes you!
Your hands burn!
You die...

#...).....##.#
#.#.......##.#
#.##.###.###.# #.##.#
#.###+# #.#..# #.##...
##.#.####.#....
#.......#......
##.#######....##.#......
......J@................
##.#######....##.#......
#.....##.##....^
#..#####.###[[..
#..#####.# ##...
#........# ##'#
#.######## #.# #.# #.#
#.# ##.#


You could see a jelly.

Vanquished Creatures
  Sigmund (D:3)
  A jelly (D:4)
  4 adders
  2 worms (D:2)
  3 dart slugs (D:1)
  9 orcs
  3 ball pythons
  10 endoplasms
  A giant cockroach (D:3)
  5 goblins (D:1)
  4 hobgoblins
  5 jackals
  5 kobolds
  A quokka (D:2)
  2 bats (D:3)
  A frilled lizard (D:1)
  6 rats
63 creatures vanquished.

Vanquished Creatures (others)
  A hobgoblin (D:2)
1 creature vanquished.

Grand Total: 64 creatures vanquished

Notes
Turn   | Place    | Note
-------+----------+-------------------------------------------
     0 | D:1      | siradein the Minotaur Berserker began the quest for the
                  | Orb.
     0 | D:1      | Reached XP level 1. HP: 19/19 MP: 0/0
    29 | D:1      | Reached skill level 4 in Axes
   108 | D:1      | Reached XP level 2. HP: 23/26 MP: 1/1
   413 | D:1      | Found Fyamosy's Antique Weapon Emporium.
   811 | D:1      | Reached skill level 5 in Axes
  1128 | D:2      | Reached XP level 3. HP: 28/31 MP: 2/2
  1161 | D:2      | Found Ruphet Pom's Book Shoppe.
  1208 | D:2      | Found Tunleoso's Antique Weapon Shoppe.
  1213 | D:2      | Found Yqaser's Antique Weapon Shop.
  1216 | D:2      | Found Qugg's Antique Armour Boutique.
  1222 | D:2      | Reached ** piety under Trog
  1659 | D:2      | Reached skill level 6 in Axes
  1659 | D:2      | Reached XP level 4. HP: 35/39 MP: 3/3
  1854 | D:3      | Found a faded altar of an unknown god.
  2316 | D:3      | Found a broken altar of Ashenzari.
  2427 | D:3      | Noticed Sigmund
  2439 | D:3      | Killed Sigmund
  2440 | D:3      | Reached skill level 8 in Axes
  2440 | D:3      | Reached XP level 5. HP: 45/45 MP: 4/4
  2771 | D:3      | Found a shadowy altar of Dithmenos.
  2864 | D:4      | Reached XP level 6. HP: 45/51 MP: 5/5
  3187 | D:4      | HP: 2/51 [acid (8)]
  3188 | D:4      | Splashed by a jelly's acid

Illustrated notes

Levels and vault maps discovered:
D:1:      dpeg_arrival_central, layout_basic, serial_shops, shop
D:2:      layout_rooms, serial_shops, shop, nicolae_square_shop,
          nicolae_shop_trees, shop, nrook_campfire
D:3:      layout_loops_ring, minitemple, hellmonk_ecumenical_altar_arch_garden,
          uniq_sigmund
D:4:      old_forge, layout_loops_corners, lemuel_tele_altar,
          gammafunk_temple_overflow_elements, minmay_misc_feat_columns,
          uniq_blork_the_orc, uniq_edmund

Skill      XL: |  1  2  3  4 |
---------------+-------------+-----
Axes           | 4 5 6 8 |  8.4
Fighting       | |  3.6
Armour         | |  2.4
Dodging        | |  2.1

Action                   |  1- 3 |  4- 6 || total
-------------------------+-------+-------++-------
Melee: Hand axe          |    60 |    58 ||   118
       Headbutt          |    13 |    11 ||    24
Invok: Berserk           |       |     1 ||     1
       Trog's Hand       |       |     1 ||     1
Armor: Animal skin       |     9 |     3 ||    12
       Ring mail         |       |     3 ||     3
       Scale mail        |       |     1 ||     1
Dodge: Dodged            |    38 |    25 ||    63
Block: Buckler           |     2 |     5 ||     7

Table legend: (Time is in decaauts)
 A = Elapsed time spent in this place.
 B = Non-inter-level travel time spent in this place.
 C = Inter-level travel time spent in this place.
 D = Time resting spent in this place.
 E = Time spent auto-exploring this place.
 F = Levels seen in this place.
 G = Mean time per level.
                   A        B        C        D        E       F      G
               +--------+--------+--------+--------+--------+-----+--------+
         Total |   3203 |   3131 |     72 |      5 |   2751 |   4 |  800.8 |
       Dungeon |   3203 |   3131 |     72 |      5 |   2751 |   4 |  800.8 |
               +--------+--------+--------+--------+--------+-----+--------+

Top non-repeatable levels by time:
     D:1: 1099 daAuts
     D:3: 1044 daAuts
     D:2: 681 daAuts
     D:4: 377 daAuts
